 Dungeon Crawl Stone Soup version 0.22.1-2-g9c5b331 (webtiles) character file.

66 diana the Cutter (level 3, -2/27 HPs)
             Began as a Demonspawn Gladiator on Dec 29, 2018.
             Was an Initiate of Gozag.
             Slain by Sigmund
             ... wielding a +0 scythe
              (8 damage)
             ... on level 2 of the Dungeon.
             The game lasted 00:01:54 (1436 turns).

diana the Cutter (Demonspawn Gladiator)             Turns: 1436, Time: 00:01:55

Health: -2/27      AC:  5    Str: 15    XL:     3   Next: 96%
Magic:  3/3        EV: 12    Int:  9    God:    Gozag
Gold:   130        SH:  0    Dex: 14    Spells: 2/2 levels left

rFire    . . .     SeeInvis .   a - +0 rapier
rCold    . . .     Gourm    .   (no shield)
rNeg     . . .     Faith    .   b - +0 leather armour
rPois    .         Spirit   .   c - +0 helmet
rElec    .         Reflect  .   h - +0 cloak
rCorr    .         Harm     .   (no gloves)
MR       .....                  (no boots)
Stlth    +.........             (no amulet)
HPRegen  0.09/turn              (no ring)
MPRegen  0.08/turn              (no ring)

@: no status effects
A: powered by death 2
a: Potion Petition, Call Merchant, Bribe Branch, Renounce Religion


You were on level 2 of the Dungeon.
You worshipped Gozag.
Gozag was aware of your devotion.
You were near starving.

You visited 1 branch of the dungeon, and saw 2 of its levels.

You collected 153 gold pieces.
You paid 23 gold pieces to Gozag.

Inventory:

Hand Weapons
 a - a +0 rapier (weapon)
 g - a +2 dagger of venom
Missiles
 d - 4 throwing nets (quivered)
Armour
 b - a +0 leather armour (worn)
 c - a +0 helmet (worn)
 h - a +0 cloak (worn)
Scrolls
 e - 4 scrolls of identify {unknown}
 i - 3 scrolls of remove curse {unknown}
 j - a scroll of noise {unknown}
 k - a scroll of enchant weapon {unknown}
 l - a scroll of blinking {unknown}
Comestibles
 f - 3 rations


   Skills:
 - Level 2.0 Fighting
 * Level 4.4 Short Blades
 - Level 1.7 Throwing
 - Level 2.6 Dodging


You had 2 spell levels left.
You didn't know any spells.
Your spell library was empty.

Dungeon Overview and Level Annotations

Branches:
Dungeon (2/15)

Altars:
Gozag
Sif Muna
Wu Jian
Zin

Annotations:
D:2 Sigmund


Innate Abilities, Weirdness & Mutations

You regenerate health from kills.


Message History

You hear some strange, mumbled words.
Something tries to affect you, but you resist.
You bump into the rock wall.
Something hits you.
You feel less confused.
You hear some strange, mumbled words.
You are confused.
You bump into the rock wall.
You bump into the rock wall.
Something hits you but does no damage.
You're too confused to move!
You hear some strange, mumbled words.
A puff of flame appears from out of thin air!
The puff of flame hits you!
You bump into the rock wall.
Something hits you.
* * * LOW HITPOINT WARNING * * *
You aren't carrying any potions.
You feel less confused. Something hits you!
You die...
Your body crumbles into a pile of gold.

##..##.##
######.#.###.##
#.........###.#
#.#.##.##.##.##
#.###.#^#.## #.#
##...## #.# #.#.#.#
######.# ##...##
#..@...#####.#######
#.######....#.......
#######.#
#.###.#######
........######.# #.#
#######....<..(# #.#
#.######## #.# #
#........# #.# ##
######...###.# ###.
#######.......#.#
#...


There were no monsters in sight!

Vanquished Creatures
  2 adders (D:2)
  A dart slug (D:2)
  2 leopard geckos (D:1)
  A giant cockroach (D:2)
  4 goblins
  4 hobgoblins (D:1)
  12 jackals
  2 bats (D:1)
  A frilled lizard (D:1)
  4 kobolds
  6 rats
39 creatures vanquished.

Notes
Turn   | Place    | Note
-------+----------+-------------------------------------------
     0 | D:1      | diana the Demonspawn Gladiator began the quest for the Orb.
     0 | D:1      | Reached XP level 1. HP: 16/16 MP: 1/1
    90 | D:1      | Reached skill level 3 in Short Blades
   364 | D:1      | Gained mutation: You regenerate a little health from kills.
                  | [demonic ancestry]
   364 | D:1      | Reached XP level 2. HP: 22/22 MP: 2/2
   981 | D:2      | Noticed Sigmund
  1022 | D:2      | Reached skill level 4 in Short Blades
  1022 | D:2      | Gained mutation: You regenerate health from kills. [demonic
                  | ancestry]
  1022 | D:2      | Reached XP level 3. HP: 25/27 MP: 3/3
  1036 | D:2      | Found a deep blue altar of Sif Muna.
  1037 | D:2      | Found an opulent altar of Gozag.
  1038 | D:2      | Found a glowing silver altar of Zin.
  1101 | D:2      | Became a worshipper of Gozag Ym Sagoz the Greedy
  1343 | D:2      | Found an ornate altar of the Wu Jian Council.
  1436 | D:2      | Slain by Sigmund

Skill      XL: |  1  2 |
---------------+-------+-----
Short Blades   | 3 4 |  4.4
Fighting       | |  2.0
Throwing       | |  1.7
Dodging        | |  2.6

Action                   || total
-------------------------++-------
Melee: Rapier            ||   125
  Use: Potion            ||     1
Armor: Leather armour    ||    42
Dodge: Dodged            ||    87
